 Dungeon Crawl Stone Soup version 0.16.2-12-gd0ad4c3 (webtiles) character file.

65 mrath the Digger (level 4, -9/24 HPs)
             Began as a Gargoyle Earth Elementalist on July 27, 2016.
             Mangled by Sigmund
             ... wielding a +3 scythe
              (12 damage)
             ... on level 2 of the Dungeon.
             The game lasted 00:11:50 (2184 turns).

mrath the Digger (Gargoyle Earth Elementalist)      Turns: 2184, Time: 00:11:51

Health: -9/24      AC:  8    Str: 12    XL:     4   Next: 13%
Magic:  6/9        EV: 12    Int: 16    God:
Gold:   28         SH:  0    Dex: 10    Spells: 3 memorised, 3 levels left

rFire  . . .     SeeInvis .     b - 107 stones
rCold  . . .     Clarity  .     c - +0 robe
rNeg   + . .     SustAb   .     (no shield)
rPois  ∞         Gourm    .     (no helmet)
rElec  +         Spirit   .     (no cloak)
rCorr  .         Warding  .     (no gloves)
rMut   .         Stasis   .     (no boots)
MR     .....                    (no amulet)
Stlth  +.........               (no ring)
                                (no ring)

@: confused, stone skin, not resistant to hostile enchantments, very unstealthy
A: negative energy resistance 1, electricity resistance, unbreathing,
petrification resistance, rot immunity, AC +3
a: no special abilities


You were on level 2 of the Dungeon.
You were not hungry.

You visited 1 branch of the dungeon, and saw 2 of its levels.

You collected 28 gold pieces.

Inventory:

Hand weapons
 e - a +0 whip
 i - a +0 quarterstaff
 m - a +4 short sword
 q - a +0 mace
Missiles
 b - 107 stones (in hand)
Armour
 c - a +0 robe (worn)
Scrolls
 g - 3 scrolls of identify {unknown}
 h - a scroll of magic mapping {unknown}
 k - 4 scrolls of amnesia {unknown}
 n - 2 scrolls of enchant weapon {unknown}
 p - a scroll of enchant armour {unknown}
Potions
 f - a potion of brilliance {unknown}
 j - a potion of haste {unknown}
Books
 d - a book of Geomancy

   Spells                             Type                      Level
   a - Sandblast                      Earth                        1
   b - Stoneskin                      Transmutation/Earth          2
   c - Passwall                       Transmutation/Earth          3
   d - Stone Arrow                    Conjuration/Earth            3
   e - Petrify                        Transmutation/Earth          4
   f - Lee's Rapid Deconstruction     Earth                        5
Comestibles
 a - a bread ration
 l - a meat ration
 o - a royal jelly


   Skills:
 - Level 1.5 Dodging
 - Level 2.1 Stealth
 * Level 3.3 Spellcasting
 + Level 0.4 Conjurations
 - Level 0.7 Transmutations
 + Level 4.5 Earth Magic


You had 3 spell levels left.
You knew the following spells:

 Your Spells              Type           Power        Failure   Level  Hunger
a - Sandblast             Erth           ###...       3%          1    None
b - Stoneskin             Trmt/Erth      ##......     12%         2    ##.....
c - Stone Arrow           Conj/Erth      ##....       21%         3    ###....


Dungeon Overview and Level Annotations

Branches:
Dungeon (2/15)

Altars:

Annotations:
D:2 Sigmund


Innate Abilities, Weirdness & Mutations

You are resistant to torment.
You are immune to poison.
Your stone body is very resilient (AC +3).
You resist negative energy.
You are resistant to electric shocks.
You can survive without breathing.
You are immune to petrification.
You are immune to rotting.


Message History

Sigmund casts a spell.
Sigmund flickers and vanishes!
Deactivating autopickup; reactivate with Ctrl-A.
Casting: Sandblast
Confirm with . or Enter, or press ? or * to list all spells.
You can't see any susceptible monsters within range! (Use Z to cast anyway.) Unknown command.
Something hits you!
* * * LOW HITPOINT WARNING * * *
You see here a stone.
You are confused.
Are you sure you want to stumble around while confused and next to lava? [Y]es or [N]o only, please.
Are you sure you want to stumble around while confused and next to lava?
Okay, then.
The puff of flame misses you. Something hits you but does no damage.
Something hits you!
Ouch! That really hurt!
You die...

#...≈###≈§≈###≈.≈###≈§§# ##.
#...≈≈≈≈≈.≈≈≈≈≈.≈≈≈≈§§§§≈ #..
#.#.....§..........§§§... #..
#...≈§§≈≈.≈§≈≈≈.≈§≈≈≈.§§ #..
###.≈###≈.≈###≈.≈###§§§# ##.
#.≈# #§.≈# #≈.≈# #§§≈# #>
#.≈###≈.≈###≈.≈###≈.≈###§. #.
#.≈≈§§≈§≈≈§§≈.≈≈≈≈≈.≈§≈≈≈.# #.
#..§.§...§§(.@({§.!)......# #.
#§≈§§≈§.≈≈§§§.≈≈§≈≈.≈≈≈≈≈.# #.
#.≈###§.§###≈.≈###≈§§###≈.###.
####§≈# #≈.≈# #≈.≈# #≈.§#
#≈.....
#....≈###§§≈###≈.≈###≈§≈#
#§§.###
#.#..≈§§≈≈.≈≈§§≈§§§§≈§§≈§≈≈§..
#.#...§..§§..........§...§....
#....####.#.########..########
......###.#.# #.## #%#


There were no monsters in sight!

Vanquished Creatures
  An adder (D:2)
  A giant mite (D:2)
  3 worms (D:2)
  2 giant geckos (D:1)
  7 bats
  3 hobgoblins
  A quokka (D:2)
  A giant newt (D:1)
  7 goblins
  3 kobolds (D:1)
  2 rats
31 creatures vanquished.

Notes
Turn   | Place    | Note
--------------------------------------------------------------
     0 | D:1      | mrath, the Gargoyle Earth Elementalist, began the quest for the Orb.
     0 | D:1      | Reached XP level 1. HP: 10/10 MP: 3/3
   295 | D:1      | Reached XP level 2. HP: 9/15 MP: 3/5
   629 | D:1      | Reached skill level 4 in Earth Magic
   708 | D:1      | Learned a level 2 spell: Stoneskin
  1250 | D:2      | Reached XP level 3. HP: 15/19 MP: 3/6
  1832 | D:2      | Reached XP level 4. HP: 24/24 MP: 4/9
  1879 | D:2      | Learned a level 3 spell: Stone Arrow
  1947 | D:2      | Noticed Sigmund
  2184 | D:2      | Mangled by Sigmund

Action                   |  1- 3 |  4- 6 || total
-------------------------+-------+-------++-------
Melee: Whip              |    37 |       ||    37
       Quarterstaff      |     4 |     5 ||     9
 Cast: Sandblast         |    43 |     7 ||    50
       Stoneskin         |       |     1 ||     1
  Eat: Chunk             |     3 |     1 ||     4
